General information
- name: BNet
- type: Ladder 1vs1/FFA
- host: Battle.net
- saver: BEAR_AND
map: TurtleRock
- players: 2
- length: 89:55
- speed: Fast
- version: 1.27 W3XP
- replay type:

» download(244 KB)
Players
team 1 (winner)
BEAR_AND (
orange | 86 APM | 7699 actions | 89:55)
7 Archmage
2 Summon Water Elemental
2 Brilliance Aura
2 Blizzard
1 Mass Teleport
4 Mountain King
2 Storm Bolt
2 Bash
6 Paladin
3 Holy Light
2 Divine Shield
1 Devotion Aura
» actions
| Assign group hotkey | 67 | |
| Basic commands | 31 | |
| Build / train | 196 | |
| ESC pressed | 1 | |
| Enter build submenu | 63 | |
| Enter hero's abilities submenu | 17 | |
| Give item / drop item | 37 | |
| Right click | 4417 | |
| Select / deselect | 1395 | |
| Select group hotkey | 690 | |
| Use ability | 772 | |
7699 total
» units
| Peasant | 18 | |
| Priest | 3 | |
| Gryphon Rider | 5 | |
| Sorceress | 2 | |
28 total
» upgrades
| Masonry | 3 | |
| Lumber Harvesting | 2 | |
| Magic Sentry | 1 | |
| Storm Hammers | 1 | |
| Swords | 3 | |
| Animal War Training | 1 | |
| Cloud | 1 | |
| Armor | 3 | |
| Sorceress Training | 2 | |
| Backpack | 1 | |
| Priest Training | 1 | |
19 total
» buildings
| Altar of Kings | 1 | |
| Farm | 4 | |
| Lumber Mill | 1 | |
| Arcane Vault | 1 | |
| Scout Tower | 179 | |
| Arcane Tower | 13 | |
| Guard Tower | 76 | |
| Keep | 4 | |
| Castle | 1 | |
| Arcane Sanctum | 2 | |
| Gryphon Aviary | 3 | |
| Barracks | 1 | |
| Blacksmith | 1 | |
| Town Hall | 4 | |
291 total
» build order
00:12 Altar of Kings
00:20 Farm
00:35 Lumber Mill
00:47 Farm
01:03 Arcane Vault
01:13 Scout Tower
01:28 Scout Tower
01:45 Scout Tower
02:04 Arcane Tower
02:07 Scout Tower
02:08 Scout Tower
02:11 Scout Tower
02:45 Guard Tower
03:06 Guard Tower
03:07 Scout Tower
03:07 Scout Tower
03:08 Scout Tower
03:09 Scout Tower
03:20 Farm
03:37 Guard Tower
03:54 Keep
03:54 Keep
03:54 Keep
04:14 Guard Tower
04:14 Guard Tower
04:29 Scout Tower
04:30 Scout Tower
04:31 Scout Tower
04:32 Scout Tower
05:20 Guard Tower
05:36 Guard Tower
05:39 Farm
06:08 Guard Tower
06:35 Scout Tower
06:49 Guard Tower
06:50 Castle
07:04 Guard Tower
07:05 Scout Tower
07:06 Scout Tower
07:07 Scout Tower
07:08 Scout Tower
07:08 Scout Tower
07:09 Scout Tower
07:36 Guard Tower
08:32 Guard Tower
08:32 Guard Tower
08:34 Scout Tower
08:34 Scout Tower
08:35 Scout Tower
08:35 Scout Tower
09:03 Guard Tower
09:04 Guard Tower
09:23 Scout Tower
09:24 Scout Tower
10:25 Guard Tower
12:12 Arcane Sanctum
12:13 Gryphon Aviary
12:17 Arcane Sanctum
12:19 Barracks
12:20 Gryphon Aviary
12:22 Blacksmith
13:00 Town Hall
13:09 Scout Tower
13:09 Scout Tower
13:09 Scout Tower
13:10 Scout Tower
13:11 Scout Tower
13:11 Scout Tower
13:11 Scout Tower
13:12 Scout Tower
13:12 Scout Tower
13:13 Scout Tower
13:13 Scout Tower
13:13 Scout Tower
13:14 Scout Tower
13:14 Scout Tower
13:50 Guard Tower
13:54 Guard Tower
14:08 Guard Tower
14:15 Guard Tower
15:22 Guard Tower
15:26 Guard Tower
15:34 Guard Tower
16:03 Scout Tower
16:04 Scout Tower
16:05 Scout Tower
16:09 Guard Tower
16:28 Guard Tower
16:29 Guard Tower
16:31 Scout Tower
16:31 Scout Tower
16:32 Scout Tower
16:32 Scout Tower
16:34 Scout Tower
16:34 Scout Tower
16:35 Scout Tower
16:35 Scout Tower
16:40 Town Hall
16:45 Scout Tower
16:46 Scout Tower
16:46 Scout Tower
16:47 Scout Tower
16:47 Scout Tower
16:48 Scout Tower
16:48 Scout Tower
16:49 Scout Tower
16:49 Scout Tower
16:50 Scout Tower
16:50 Scout Tower
16:51 Scout Tower
16:52 Scout Tower
16:53 Scout Tower
16:54 Scout Tower
16:54 Scout Tower
16:54 Scout Tower
16:55 Scout Tower
16:55 Scout Tower
16:56 Scout Tower
16:56 Scout Tower
16:57 Scout Tower
17:14 Arcane Tower
17:14 Guard Tower
17:14 Guard Tower
17:56 Scout Tower
17:58 Scout Tower
18:13 Guard Tower
18:15 Guard Tower
18:55 Guard Tower
19:05 Scout Tower
19:06 Scout Tower
19:06 Scout Tower
19:07 Scout Tower
19:07 Scout Tower
19:08 Scout Tower
19:08 Scout Tower
19:09 Scout Tower
19:13 Scout Tower
19:15 Scout Tower
19:16 Scout Tower
19:16 Scout Tower
19:16 Scout Tower
19:17 Scout Tower
19:17 Scout Tower
19:31 Arcane Tower
19:31 Guard Tower
19:48 Guard Tower
20:06 Guard Tower
21:04 Guard Tower
21:08 Guard Tower
22:33 Scout Tower
22:33 Scout Tower
22:35 Scout Tower
22:35 Scout Tower
23:05 Guard Tower
23:05 Guard Tower
23:05 Guard Tower
23:10 Scout Tower
23:11 Scout Tower
23:13 Scout Tower
23:15 Scout Tower
23:15 Scout Tower
23:16 Scout Tower
23:16 Scout Tower
23:17 Scout Tower
23:17 Scout Tower
23:18 Scout Tower
23:19 Scout Tower
23:24 Arcane Tower
23:26 Guard Tower
23:50 Guard Tower
24:28 Guard Tower
24:31 Scout Tower
24:32 Scout Tower
24:34 Scout Tower
25:10 Town Hall
25:16 Town Hall
25:23 Scout Tower
25:24 Scout Tower
25:24 Scout Tower
25:25 Scout Tower
25:25 Scout Tower
25:26 Scout Tower
25:26 Scout Tower
25:27 Scout Tower
25:27 Scout Tower
25:28 Scout Tower
25:29 Scout Tower
25:30 Scout Tower
25:31 Scout Tower
25:31 Scout Tower
25:32 Scout Tower
25:33 Scout Tower
25:44 Guard Tower
25:49 Guard Tower
25:55 Arcane Tower
25:55 Guard Tower
25:55 Guard Tower
26:04 Guard Tower
26:17 Guard Tower
26:20 Guard Tower
26:36 Guard Tower
27:02 Guard Tower
27:25 Guard Tower
27:26 Guard Tower
27:29 Scout Tower
27:29 Scout Tower
27:30 Scout Tower
27:30 Scout Tower
27:31 Scout Tower
27:31 Scout Tower
27:34 Arcane Tower
27:34 Guard Tower
27:56 Guard Tower
27:57 Scout Tower
27:58 Scout Tower
27:59 Scout Tower
27:59 Scout Tower
28:00 Scout Tower
28:29 Guard Tower
28:30 Guard Tower
28:34 Arcane Tower
28:51 Guard Tower
29:04 Guard Tower
29:21 Guard Tower
29:26 Guard Tower
30:03 Guard Tower
30:14 Arcane Tower
31:05 Guard Tower
32:50 Scout Tower
32:50 Scout Tower
32:52 Scout Tower
32:52 Scout Tower
32:53 Scout Tower
32:53 Scout Tower
32:54 Scout Tower
32:54 Scout Tower
32:55 Scout Tower
32:55 Scout Tower
34:05 Guard Tower
34:51 Guard Tower
36:36 Guard Tower
37:31 Arcane Tower
37:32 Guard Tower
40:37 Scout Tower
40:38 Scout Tower
40:39 Scout Tower
40:39 Scout Tower
40:39 Scout Tower
40:40 Scout Tower
40:41 Scout Tower
40:42 Scout Tower
40:42 Scout Tower
40:43 Scout Tower
40:48 Scout Tower
40:49 Scout Tower
40:50 Scout Tower
42:05 Guard Tower
43:21 Guard Tower
44:26 Guard Tower
50:15 Scout Tower
50:15 Scout Tower
50:16 Scout Tower
50:17 Scout Tower
50:17 Scout Tower
50:19 Scout Tower
50:19 Scout Tower
50:20 Scout Tower
50:21 Scout Tower
50:22 Scout Tower
50:22 Scout Tower
50:23 Scout Tower
50:24 Scout Tower
50:27 Scout Tower
50:28 Scout Tower
50:29 Scout Tower
50:29 Scout Tower
50:29 Scout Tower
50:30 Scout Tower
51:56 Guard Tower
53:18 Arcane Tower
53:19 Arcane Tower
53:19 Guard Tower
53:42 Arcane Tower
53:47 Guard Tower
55:53 Guard Tower
57:30 Gryphon Aviary
72:28 Scout Tower
73:37 Guard Tower
» items
| Lesser Clarity Potion | 5 | |
| Scroll of Regeneration | 1 | |
| Boots of Speed | 3 | |
| Staff of Teleportation | 3 | |
| Orb of Fire | 2 | |
| Staff of Sanctuary | 4 | |
| Tome of Retraining | 2 | |
20 total
team 2 (loser)

»
zacxest (
red | 27 APM | 2312 actions | 86:56)
5 Blademaster
2 Wind Walk
3 Critical Strike
5 Shadow Hunter
3 Healing Wave
2 Hex
1 Naga Sea Witch
1 Forked Lightning
» actions
| Basic commands | 18 | |
| Build / train | 193 | |
| Enter build submenu | 59 | |
| Enter hero's abilities submenu | 11 | |
| Give item / drop item | 16 | |
| Remove unit from queue | 4 | |
| Right click | 1011 | |
| Select / deselect | 792 | |
| Use ability | 207 | |
2312 total
» units
| Peon | 22 | |
| Grunt | 6 | |
| Troll Headhunter/Berserker | 3 | |
| Wind Rider | 15 | |
| Shaman | 7 | |
| Tauren | 8 | |
| Troll Witch Doctor | 11 | |
| Raider | 18 | |
| Demolisher | 22 | |
| Troll Batrider | 9 | |
121 total
» upgrades
| Shaman Training | 2 | |
| Witch Doctor Training | 2 | |
| Envenomed Spears | 1 | |
| Pulverize | 1 | |
| Ensnare | 1 | |
| Burning Oil | 1 | |
| Liquid Fire | 1 | |
| Melee Weapons | 3 | |
| Ranged Weapons | 3 | |
| Armor | 3 | |
| Spiked Barricades | 3 | |
| Reinforced Defenses | 1 | |
| Pillage | 1 | |
23 total
» buildings
| Orc Burrow | 8 | |
| Altar of Storms | 1 | |
| Barracks | 1 | |
| Voodoo Lounge | 1 | |
| War Mill | 1 | |
| Stronghold | 1 | |
| Spirit Lodge | 1 | |
| Beastiary | 1 | |
| Fortress | 1 | |
| Watch Tower | 38 | |
| Tauren Totem | 1 | |
| Great Hall | 2 | |
57 total
» build order
00:07 Orc Burrow
00:10 Altar of Storms
01:09 Barracks
01:32 Orc Burrow
01:45 Voodoo Lounge
02:20 War Mill
02:55 Orc Burrow
03:54 Orc Burrow
04:24 Stronghold
05:08 Orc Burrow
06:21 Orc Burrow
07:06 Spirit Lodge
07:23 Beastiary
07:56 Fortress
11:41 Watch Tower
11:46 Watch Tower
13:06 Tauren Totem
13:10 Orc Burrow
15:58 Orc Burrow
23:00 Great Hall
23:05 Watch Tower
25:26 Watch Tower
25:31 Watch Tower
25:41 Watch Tower
33:13 Watch Tower
33:33 Watch Tower
33:36 Watch Tower
33:45 Watch Tower
34:27 Watch Tower
34:30 Watch Tower
34:34 Watch Tower
36:21 Watch Tower
36:23 Watch Tower
36:27 Watch Tower
36:56 Watch Tower
37:12 Watch Tower
37:19 Watch Tower
38:07 Great Hall
38:29 Watch Tower
38:38 Watch Tower
38:43 Watch Tower
38:52 Watch Tower
39:03 Watch Tower
39:15 Watch Tower
39:43 Watch Tower
39:49 Watch Tower
39:58 Watch Tower
40:09 Watch Tower
50:42 Watch Tower
50:50 Watch Tower
51:27 Watch Tower
51:51 Watch Tower
52:25 Watch Tower
52:34 Watch Tower
52:47 Watch Tower
53:08 Watch Tower
53:39 Watch Tower
» items
| Healing Salve | 3 | |
| Lesser Clarity Potion | 11 | |
| Potion of Mana | 8 | |
| Tiny Great Hall | 4 | |
| Potion of Lesser Invulnerability | 1 | |
| Periapt of Vitality | 1 | |
| Orb of Lightning | 1 | |
29 total
Chat log
(01:15 / All) BEAR_AND: hi
(21:32 / All) BEAR_AND: those are towers
(21:43 / All) BEAR_AND: your entire army is dead now
(21:45 / All) BEAR_AND: retard
(23:33 / All) BEAR_AND: dude
(23:41 / All) BEAR_AND: what's wrong with you
(28:25 / All) BEAR_AND: from?
(29:09 / All) BEAR_AND: oh yeah
(29:11 / All) BEAR_AND: here we go
(29:12 / All) BEAR_AND: siege time
(30:01 / All) BEAR_AND: lmao nice
(32:39 / All) BEAR_AND: there u go
(36:29 / All) BEAR_AND: lol
(37:01 / All) BEAR_AND: thanks for the items
(39:16 / All) BEAR_AND: hey
(39:20 / All) BEAR_AND: english?
(42:38 / All) BEAR_AND: towers
(42:43 / All) BEAR_AND: good
(42:44 / All) BEAR_AND: idiot
(47:28 / All) BEAR_AND: hehe your bats
(47:51 / All) BEAR_AND: wtf is wrong with you
(48:27 / All) BEAR_AND: lol and a half
(48:39 / All) BEAR_AND: are you retarded?
(49:54 / All) BEAR_AND: are you having fun?
(50:39 / All) BEAR_AND: what the fuck are those bats for
(51:29 / All) BEAR_AND: you can't repair unbuild orc buildings
(51:33 / All) BEAR_AND: unbuilt*
(51:35 / All) BEAR_AND: are u new
(51:49 / All) BEAR_AND: 74-89
(51:54 / All) BEAR_AND: i suppose that's new, in a way
(52:28 / All) BEAR_AND: cloak of shadows on BM lol
(55:38 / All) BEAR_AND: haha
(72:23 / All) BEAR_AND: how much gold do you have
(73:50 / All) BEAR_AND: lol
(77:38 / All) BEAR_AND: hahah wt
(77:41 / All) BEAR_AND: f
(77:53 / All) BEAR_AND: bye
(78:39 / All) BEAR_AND: why did you do that
(78:52 / All) BEAR_AND: naga hahahhaha!~!!
(81:31 / All) BEAR_AND: stop hitting yourself lol
(85:35 / All) zacxest: ok
(85:46 / All) BEAR_AND: ok
(85:51 / All) BEAR_AND: let's talk this through
(85:55 / All) BEAR_AND: you're really bad at this game
(85:59 / All) BEAR_AND: what's next